 Dungeon Crawl Stone Soup version 0.14-a0-848-g57a047c (webtiles) character file.

133 4tharraofdagon the Skirmisher (level 4, 1/30 HPs)
             Began as a Halfling Abyssal Knight on Nov 14, 2013.
             Was a Believer of Lugonu.
             Quit the game on Level 3 of the Dungeon.
             The game lasted 00:05:00 (949 turns).

4tharraofdagon the Skirmisher (HaAK)                 Turns: 949, Time: 00:05:00

HP   1/30        AC 11     Str 10      XL: 4   Next: 55%
MP   5/5         EV  2     Int 10      God: Lugonu [**....]
Gold 58          SH  0     Dex 15      Spells:  0 memorised,  3 levels left

Res.Fire  : . . .   See Invis. : .   a - +2 falchion
Res.Cold  : . . .   Warding    : .   f - +0 plate armour
Life Prot.: . . .   Conserve   : .   (no shield)
Res.Poison: .       Res.Corr.  : .   t - +0 helmet
Res.Elec. : .       Clarity    : .   (no cloak)
Sust.Abil.: . .     Spirit.Shd : .   (no gloves)
Res.Mut.  : .       Stasis     : .   (no boots)
Res.Rott. : .       Flight     : .   (no amulet)
Saprovore : . . .                    (no ring)
                                     y - cursed -2 ring of intelligence

@: mildly poisoned, very slightly contaminated, hasted, very quick, slightly
resistant to hostile enchantments, extremely unstealthy
A: mutation resistance 1, slow metabolism 1
a: Depart the Abyss, Bend Space, Renounce Religion


You were on level 3 of the Dungeon.
You worshipped Lugonu.
Lugonu was pleased with you.
You were not hungry.

You visited 1 branch of the dungeon, and saw 3 of its levels.
You visited the Abyss 1 time.

You collected 58 gold pieces.

Inventory:

Hand weapons
 a - a +2,+2 falchion (weapon)
 s - a +0,+0 falchion
 v - a +3,+2 elven short sword of venom
Armour
 b - a +0 leather armour
 f - a +0 plate armour (worn)
 r - a +0 chain mail
 t - a +0 helmet (worn)
Comestibles
 c - 2 bread rations
 d - 2 meat rations
 h - a royal jelly
 j - a choko
Scrolls
 g - a scroll of enchant armour {unknown}
 i - a scroll of blinking {unknown}
 l - a scroll of remove curse {unknown}
 m - a scroll of teleportation {unknown}
 z - 2 scrolls of curse jewellery {unknown}
Jewellery
 y - a cursed -2 ring of intelligence (left hand)
Potions
 k - a potion of mutation
 n - a potion of might
 u - a potion of brilliance
 w - a potion of restore abilities


   Skills:
 + Level 3.2 Fighting
 * Level 3.1 Long Blades
 + Level 1.2 Armour
 + Level 3.2 Dodging
 + Level 2.1 Invocations


You had 3 spell levels left.
You didn't know any spells.

Dungeon Overview and Level Annotations

Branches:
Dungeon (3/16)

Altars:

Annotations:
D:3 Sigmund, Terence


Innate Abilities, Weirdness & Mutations

You are small and have problems with some larger weapons.
You are somewhat resistant to further mutation.
You have a slow metabolism.


Message History

k - a potion of mutation It was a scroll of identify.
The kobold hits you but does no damage.
You are poisoned.
The orc priest invokes the aid of Beogh against you.
Something smites you!
* * * LOW HITPOINT WARNING * * *
Unknown command.
Drink which item? (? for menu, Esc to quit)
You feel yourself speed up.
It was a potion of speed.
* * * LOW HITPOINT WARNING * * *
You feel sick.
You feel a little better. The kobold hits you but does no damage.
You are more poisoned.
You are very lightly contaminated with residual magic.
Read which item? (? for menu, Esc to quit)
Okay, then.
Drink which item? (? for menu, Esc to quit)
Okay, then.
Are you sure you want to abandon this character and quit the game? (Confirm with "yes".)

**,,*,,,,,, ,,,,,..#
*,,**,,*,*****,,,..#
,,***,,*,*###*,,o.?#
*** *,,,,..>..,,,..*
*,,,,.....###o#*
*****, ,,.......@o*
,,,,,,,,.......oo#*
*****,,,,,,,,,*#K#
*,,,,,, ,,*#@#
*,,,,,,,,,*#.#
*,**,******#.# *,*
,* #.#
*****,**,******#.#
,,, ,,,,,,,,, ,#.#
**** ,,,,,,,,,,#.#
*,,,,,,,,,,#.#
********,******#.#


You could see an orc warrior, Terence, an orc priest, 2 orcs and a kobold.

Vanquished Creatures
  4 gnolls
  An adder (D:2)
  An ooze (D:3)
  An orc (D:2)
  A giant cockroach (D:2)
  4 hobgoblins
  3 kobolds
  A quokka (D:3)
  A ball python (D:1)
  A bat (D:1)
  9 giant newts
  A goblin (D:2)
  3 rats
31 creatures vanquished.

Notes
Turn   | Place    | Note
--------------------------------------------------------------
     0 | Abyss:1  | 4tharraofdagon, the Halfling Abyssal Knight, began the quest for the Orb.
     0 | Abyss:1  | Reached XP level 1. HP: 14/14 MP: 1/1
    28 | Abyss:1  | Noticed an efreet
    33 | D:1      | Escaped the Abyss
   122 | D:1      | Reached skill level 1 in Armour
   345 | D:1      | Reached XP level 2. HP: 10/19 MP: 2/2
   351 | D:1      | Reached XP level 3. HP: 18/25 MP: 4/4
   373 | D:1      | Reached skill level 3 in Fighting
   387 | D:1      | Acquired Lugonu's first power
   583 | D:2      | Reached XP level 4. HP: 25/30 MP: 5/5
   673 | D:3      | Noticed Sigmund
   726 | D:2      | Acquired Lugonu's second power
   940 | D:3      | Noticed Terence
   942 | D:3      | Noticed an orc warrior
   948 | D:3      | HP: 1/30 [poisoned by a kobold]
   949 | D:3      | Quit the game

Action                   |  1- 3 |  4- 6 || total
-------------------------+-------+-------++-------
Melee: Falchion          |    57 |    39 ||    96
Invok: Depart the Abyss  |     1 |       ||     1
  Use: Potion            |     1 |     4 ||     5
       Scroll            |       |     5 ||     5
